 Dungeon Crawl Stone Soup version 0.29-a0-839-g4793fd635e (webtiles) character file.

Game seed: 10296045083052176707

11589 27snakeeyes612 the Basher (level 11, -3/166 HPs)
             Began as a Troll Berserker on July 14, 2022.
             Was an Elder of Trog.
             Slain by a yak (6 damage)
             ... on level 10 of the Dungeon.
             The game lasted 00:12:23 (9163 turns).

27snakeeyes612 the Basher (Troll Berserker)         Turns: 9163, Time: 00:12:23

Health: -3/166     AC:  8    Str: 35    XL:     11   Next: 51%
Magic:  10/10      EV: 17    Int:  7    God:    Trog [****..]
Gold:   411        SH:  0    Dex: 13    Spells: 10/10 levels left

rFire   x . .      SeeInvis .   r - +2 club (spect)
rCold   + . .      Faith    .   (no shield)
rNeg    . . .      Spirit   .   u - +4 robe of Augmentation {Str+4 Int+4 Dex+4}
rPois   .          Reflect  .   (helmet restricted)
rElec   .          Harm     .   (no cloak)
rCorr   .          Rampage  .   (gloves unavailable)
Will    .....                   (boots unavailable)
Stlth   ..........              v - amulet of magic regeneration
HPRegen 1.17/turn               x - +4 ring of evasion
MPRegen 0.52/turn               G - ring of ice

@: berserking (expiring), very quick
A: large, unfitting armour, claws 3, regeneration 1, shaggy fur 1, tough skin 1
a: Renounce Religion, Berserk, Trog's Hand, Brothers in Arms


You were on level 10 of the Dungeon.
You worshipped Trog.
Trog was greatly pleased with you.
You visited 1 branch of the dungeon, and saw 10 of its levels.
You also visited: Sewer.

You collected 411 gold pieces.

Inventory:

Hand Weapons
 a - a +0 mace
 r - a +2 spectral club (weapon)
 s - a +5 giant spiked club
 F - a +4 great mace of flaming
Missiles
 k - 108 stones (quivered)
 w - 2 throwing nets
Armour
 b - +0 steam dragon scales
 u - the +4 robe of Augmentation (worn) {Str+4 Int+4 Dex+4}
   (You took it off a goblin on level 3 of the Dungeon)

   Str:       It affects your strength (+4).
   Int:       It affects your intelligence (+4).
   Dex:       It affects your dexterity (+4).
Jewellery
 l - an amulet of guardian spirit
 o - a ring of flight
 p - a ring of protection from cold
 v - an amulet of magic regeneration (around neck)
 x - a +4 ring of evasion (left claw)
 G - a ring of ice (right claw)
 I - a ring of protection from fire
 J - an amulet of regeneration
Wands
 q - a wand of iceblast (18)
 B - a wand of mindburst (22)
 C - a wand of paralysis (15)
Scrolls
 c - 7 scrolls of teleportation
 t - 3 scrolls of enchant armour
 y - 2 scrolls of poison
 z - 3 scrolls of fog
 D - 2 scrolls of vulnerability
 E - a scroll of fear
Potions
 d - a potion of magic
 e - 2 potions of invisibility
 f - 6 potions of might
 g - 5 potions of flight {unknown}
 h - 13 potions of curing
 i - a potion of resistance {unknown}
 j - 2 potions of degeneration {unknown}
 m - 3 potions of mutation {unknown}
 n - 2 potions of attraction {unknown}


   Skills:
 + Level 8.2 Fighting
 + Level 9.0 Maces & Flails
 + Level 8.4 Throwing
 + Level 8.2 Dodging


You had 10 spell levels left.
You didn't know any spells.
Your spell library was empty.

Dungeon Overview and Level Annotations

Branches:
Dungeon (10/15)            Temple (0/1) D:7            Lair (0/6) D:8
  Sewer (visited)
    Orc: D:9-12

Altars:
Ashenzari
Makhleb
Uskayaw
Vehumet
Yredelemnul
Zin

Shops:
D:5 [   D:7 *   D:9 :

Annotations:
D:9 5 runed translucent doors


Innate Abilities, Weirdness & Mutations

You are too large for most types of armour.
You have claws for hands.
Your natural rate of healing is unusually fast.
You are covered in fur. (AC +1)
You have tough skin. (AC +1)


Message History

The shadow is moderately damaged.
Your +2 spectral club barely misses the shadow.
The yak closely misses you. The yak gores you but does no damage.
The shadow hits you!
* * * LOW HITPOINT WARNING * * *
You hit the shadow.
The shadow is moderately damaged.
Your +2 spectral club hits the shadow.
You hit the shadow.
The shadow is heavily damaged.
Your +2 spectral club hits the shadow but does no damage.
The yak closely misses you. The yak gores you!
* * * LOW HITPOINT WARNING * * *
The shadow completely misses your +2 spectral club.
You thump the shadow!
You destroy the shadow!
Trog accepts your kill. The yak gores you!
* * * LOW HITPOINT WARNING * * *
The yak gores you!
* * * LOW HITPOINT WARNING * * *
You hit the yak.
The yak is moderately wounded.
Your +2 spectral club closely misses the yak.
You closely miss the yak.
The yak is moderately wounded.
Your +2 spectral club barely misses the yak.
The yak misses you. The yak completely misses you.
You barely miss the yak.
The yak is moderately wounded.
Your +2 spectral club hits the yak.
You completely miss the yak.
The yak is heavily wounded.
Your +2 spectral club hits the yak.
The yak misses you. The yak gores you!
* * * LOW HITPOINT WARNING * * *
You sock the yak!
The yak is severely wounded.
Your +2 spectral club hits the yak but does no damage.
The yak gores you.
You die...

......####.....#.....
.......##......#.....
........#............
.........#...##..##.
...#..#.##........ .
##...###........
#.....# .......
##Y....##.......
#Y@........##...
#.(†.#.#.....
.....#####...#.
#...... #..# .#.....
.... #....# ... #....
.....


You could see 2 yaks and a friendly +2 spectral club (summoned).

Vanquished Creatures
  Erolcha (D:9)
  4 two-headed ogres
  A centaur warrior (D:9)
  A komodo dragon (D:8)
  An efreet (D:9)
  3 hornets
  2 shadows
  Sigmund (D:4)
  A wraith (D:8)
  11 yaks
  A basilisk (D:9)
  7 steam dragons
  An acid dragon (D:9)
  An ice beast (D:7)
  4 orc warriors
  3 ogres
  2 centaurs
  A kobold brigand (Sewer)
  3 bullfrogs
  3 necrophages (D:5)
  A gnoll sergeant (D:8)
  A scorpion (D:6)
  6 wights
  7 killer bees
  10 howler monkeys
  2 jellies (D:5)
  2 gnoll boudas
  10 orc priests
  A hound (D:4)
  Ijyb (D:3)
  An iguana (D:6)
  8 orc wizards
  A centaur simulacrum (D:9)
  10 gnolls
  17 adders
  6 river rats (Sewer)
  2 shadow imps (D:6)
  2 white imps
  3 ufetubi
  2 dart slugs (D:3)
  29 orcs
  7 ball pythons
  7 endoplasms
  6 giant cockroaches
  11 goblins
  7 hobgoblins
  3 jackals (D:5)
  25 kobolds
  7 quokkas
  4 bats
  27 rats
278 creatures vanquished.

Vanquished Creatures (others)
  3 fungi (D:5)
  22 plants (D:8)
25 creatures vanquished.

Grand Total: 303 creatures vanquished

Notes
Turn   | Place    | Note
-------+----------+-------------------------------------------
     0 | D:1      | 27snakeeyes612 the Troll Berserker began the quest for the
                  | Orb.
     0 | D:1      | Reached XP level 1. HP: 22/22 MP: 0/0
   125 | D:1      | Reached XP level 2. HP: 28/29 MP: 1/1
   637 | D:1      | Reached skill level 3 in Maces & Flails
   687 | D:2      | Reached XP level 3. HP: 36/36 MP: 2/2
   703 | D:2      | Reached ** piety under Trog
   727 | D:2      | Reached skill level 1 in Throwing
  1021 | D:2      | Reached XP level 4. HP: 33/44 MP: 3/3
  1067 | D:2      | Found a radiant altar of Vehumet.
  1324 | D:3      | Noticed a steam dragon
  1336 | D:3      | Killed a steam dragon
  1337 | D:3      | Reached XP level 5. HP: 49/53 MP: 1/4
  1412 | D:3      | Noticed Ijyb
  1420 | D:3      | Killed Ijyb
  1473 | D:3      | Found a hide-covered altar of Uskayaw.
  1487 | D:3      | Found a glowing silver altar of Zin.
  1523 | D:3      | Reached XP level 6. HP: 46/61 MP: 3/5
  1701 | D:3      | Reached skill level 4 in Maces & Flails
  2212 | D:4      | Reached *** piety under Trog
  2296 | D:4      | Found a glowing drain.
  2296 | D:4      | Noticed Sigmund
  2304 | D:4      | Killed Sigmund
  2305 | D:4      | Reached XP level 7. HP: 70/70 MP: 6/6
  2354 | Sewer    | Entered a sewer
  2575 | Sewer    | Reached **** piety under Trog
  3235 | D:5      | Entered Level 5 of the Dungeon
  3235 | D:5      | Found Birycodgh's Antique Armour Emporium.
  3463 | D:5      | Identified the +4 robe "Qumaal" {Str+2}
  3517 | D:5      | Reached skill level 5 in Maces & Flails
  3517 | D:5      | Reached XP level 8. HP: 79/79 MP: 7/7
  3757 | D:5      | Found a basalt altar of Yredelemnul.
  4057 | D:5      | Reached skill level 5 in Fighting
  4060 | D:5      | Reached skill level 5 in Dodging
  4482 | D:6      | Identified the +2 ring mail of Imadah {Str+4}
  4813 | D:6      | Reached skill level 5 in Throwing
  5081 | D:7      | Found a staircase to the Ecumenical Temple.
  5354 | D:7      | Reached skill level 6 in Maces & Flails
  5354 | D:7      | Reached XP level 9. HP: 88/88 MP: 8/8
  5550 | D:7      | Reached ***** piety under Trog
  5725 | D:7      | Found Gustrayr's Elemental Accessories.
  6133 | D:8      | Reached skill level 7 in Maces & Flails
  6160 | D:8      | Received a gift from Trog
  6288 | D:8      | Noticed a komodo dragon
  6298 | D:8      | Killed a komodo dragon
  6299 | D:8      | Reached XP level 10. HP: 52/100 MP: 9/9
  6395 | D:8      | Found a staircase to the Lair.
  6662 | D:8      | Found a broken altar of Ashenzari.
  7171 | D:9      | Noticed Erolcha
  7181 | D:9      | Killed Erolcha
  7182 | D:9      | Noticed a two-headed ogre
  7223 | D:9      | Killed a two-headed ogre
  7296 | D:9      | Found a faded altar of an unknown god.
  7327 | D:9      | Found the +9 staff of Olgreb {rPois∞}
  7357 | D:9      | Noticed a two-headed ogre
  7530 | D:9      | Noticed a centaur warrior
  7536 | D:9      | Reached skill level 8 in Maces & Flails
  7542 | D:8      | Killed a two-headed ogre
  7607 | D:9      | Killed a centaur warrior
  7657 | D:9      | Found a runed translucent gate.
  7658 | D:9      | Found a runed translucent door.
  7658 | D:9      | Found a runed translucent gate.
  7669 | D:9      | Found a runed translucent gate.
  7671 | D:9      | Noticed a black mamba
  7671 | D:9      | Noticed a wolf spider
  7671 | D:9      | Noticed a black mamba
  7671 | D:9      | Noticed a black mamba
  7677 | D:9      | Found a runed translucent door.
  7715 | D:9      | Reached XP level 11. HP: 66/109 MP: 10/10
  7904 | D:9      | Identified the +9 rapier of Slime {distort, rF- Will- rCorr
                  | Stlth+}
  8141 | D:9      | Noticed a two-headed ogre
  8155 | D:9      | Killed a two-headed ogre
  8257 | D:9      | Found a burning altar of Makhleb.
  8273 | D:9      | Found Oday's Book Boutique.
  9020 | D:10     | Entered Level 10 of the Dungeon
  9020 | D:10     | Noticed a two-headed ogre
  9028 | D:10     | Killed a two-headed ogre
  9141 | D:10     | Reached skill level 9 in Maces & Flails
  9158 | D:10     | HP: 6/166 [yak (10)]
  9162 | D:10     | HP: 2/166 [yak (7)]
  9163 | D:10     | Slain by a yak

Illustrated notes

Levels and vault maps discovered:
D:1:      lordsloth_arrival_two_stooges, layout_basic
D:2:      layout_rooms, basic_altar
D:3:      layout_basic, mainiacjoe_overflow_swirl, uniq_ijyb
D:4:      layout_cave_pools, gup_sewer_entry_glass, uniq_sigmund
D:5:      kennysheep_steamy, layout_basic, mainiacjoe_overflow_alcove_1,
          serial_shops, nicolae_shop_waterfront, ebering_dispersal_statue_hall
D:6:      layout_rooms, lemuel_flame_loot_1
D:7:      layout_gridville, minmay_temple_entry_glass, nicolae_elemental_shop
D:8:      layout_loops_corners, mainiacjoe_overflow_concentric_impassable,
          david_lair_shrubbed, st_stairs_5
D:9:      minmay_the_grid_four_pointed_star_mashed
          [minmay_the_grid_triangle_9x9_stretched_checkered,
          minmay_the_grid_triangle_9x9_windchime,
          minmay_the_grid_triangle_9x9_minimal,
          minmay_the_grid_triangle_9x9_intruding_spiral,
          minmay_the_grid_prize_four_corners_diamond_b], layout_cave_pods,
          lemuel_tele_altar, serial_shops, shop, serial_column_ruins,
          column_ruins_temple_circle, column_ruins_grid_1,
          column_ruins_open_medium_water, column_ruins_open_medium,
          column_ruins_open_small, column_ruins_open_tiny, column_ruins_grid_4,
          minmay_guarded_unrand_staff_of_olgreb, uniq_erolcha
D:10:     layout_cave_pools, serial_shops, shop, uniq_josephine

Skill      XL: |  1  2  3  4  5  6  7  8  9 10 11 |
---------------+----------------------------------+-----
Maces & Flails | 3 4 5 6 7 8 9 |  9.0
Throwing       | 1 2 3 5 6 7 8 |  8.4
Fighting       | 3 4 5 6 7 8 |  8.2
Dodging        | 3 4 5 6 7 8 |  8.2

Action                   |  1- 3 |  4- 6 |  7- 9 | 10-12 || total
-------------------------+-------+-------+-------+-------++-------
Melee: Mace              |   116 |    50 |       |       ||   166
       Punch             |     1 |     1 |     6 |     4 ||    12
       Club              |       |    50 |   404 |   333 ||   787
       Great mace        |       |       |     6 |       ||     6
       Giant spiked club |       |       |       |     1 ||     1
Invok: Berserk           |       |     4 |     6 |    10 ||    20
       Trog's Hand       |       |     2 |       |     1 ||     3
  Use: Scroll            |       |     1 |    16 |     4 ||    21
 Stab: Sleeping          |     1 |     2 |     1 |     1 ||     5
       Distracted        |       |     1 |       |     2 ||     3
Armor: Animal skin       |    48 |    30 |       |       ||    78
       Robe              |       |     2 |   253 |    70 ||   325
Dodge: Dodged            |    79 |    46 |   487 |   274 ||   886

Table legend: (Time is in decaauts)
 A = Elapsed time spent in this place.
 B = Non-inter-level travel time spent in this place.
 C = Inter-level travel time spent in this place.
 D = Time resting spent in this place.
 E = Time spent auto-exploring this place.
 F = Levels seen in this place.
 G = Mean time per level.
                   A        B        C        D        E       F      G
               +--------+--------+--------+--------+--------+-----+--------+
         Total |   9377 |   9081 |    296 |   1258 |   5986 |  11 |  852.5 |
       Dungeon |   8810 |   8514 |    296 |   1258 |   5629 |  10 |  881.0 |
         Sewer |    567 |    567 |      0 |      0 |    357 |   1 |  567.0 |
               +--------+--------+--------+--------+--------+-----+--------+

Top non-repeatable levels by time:
     D:9: 1676 daAuts
     D:8: 1444 daAuts
     D:5: 1251 daAuts
     D:3: 973 daAuts
     D:7: 849 daAuts
     D:1: 699 daAuts
     D:6: 656 daAuts
     D:2: 573 daAuts
   Sewer: 567 daAuts
     D:4: 541 daAuts
    D:10: 145 daAuts
